 Dungeon Crawl Stone Soup version 0.31-a0-217-g58bb5d79cf (webtiles) character file.

Game seed: 15656694337482480248

130 qw the Chopper (level 5, -10/32 HPs)
             Began as a Gargoyle Fighter on July 2, 2023.
             Mangled by an ogre
             ... wielding a +0 giant club
              (19 damage)
             ... on level 4 of the Dungeon.
             The game lasted 00:01:16 (2454 turns).

qw the Chopper (Gargoyle Fighter)                   Turns: 2454, Time: 00:01:16

Health: -10/32     AC: 12    Str: 22    XL:     5   Next: 13%
Magic:  5/5        EV:  9    Int:  8    God:
Gold:   193        SH:  9    Dex:  9    Spells: 4/4 levels left

rFire   . . .        Y - +0 war axe
rCold   . . .        c - +0 buckler
rNeg    + . .        b - +0 scale mail
rPois   inf          (no helmet)
rElec   +            (no cloak)
rCorr   .            n - +0 pair of gloves
SInv    .            (no boots)
Will    .....        l - amulet of reflection Stlth
                     (no ring)
HPRegen 0.25/turn    (no ring)
MPRegen 0.09/turn

%: reflection
@: about to teleport
A: sickness immunity, AC +4, negative energy resistance 1, electricity
resistance, torment resistance 1, petrification resistance
a: no special abilities


You were on level 4 of the Dungeon.
You visited 1 branch of the dungeon, and saw 4 of its levels.

You collected 193 gold pieces.


Innate Abilities, Weirdness & Mutations

You are immune to sickness and miasma.
Your stone body is resilient. (AC +4)
You are immune to poison.
You resist negative energy. (rN+)
You are resistant to electric shocks. (rElec)
You are resistant to unholy torment.
You are immune to petrification.


   Skills:
 - Level 3.2 Fighting
 + Level 4.7 Axes
 - Level 3.2 Armour
 - Level 3.2 Shields


You had 4 spell levels left.
You didn't know any spells.
Your spell library was empty.

Inventory:

Hand Weapons
 k - a +0 flail
 Y - a +0 war axe (weapon)
Missiles
 o - 3 boomerangs (quivered)
Armour
 b - a +0 scale mail (worn)
 c - a +0 buckler (worn)
 f - a +0 chain mail
 n - a +0 pair of gloves (worn)
Jewellery
 l - an amulet of reflection (around neck)
Scrolls
 m - a scroll of identify
Potions
 a - a potion of resistance {unknown}
 d - a potion of might
 e - a potion of heal wounds
 g - a potion of lignification {unknown}
 i - a potion of ambrosia {unknown}
 j - a potion of attraction {unknown}

Dungeon Overview and Level Annotations

Branches:
Dungeon (4/15)
 Temple: D:4-7

Altars:
Dithmenos
Trog


Message History

An orc comes into view. It is wielding a +0 hand axe.
You slash the orc!
You kill the orc!
You barely miss the orc. The orc barely misses you.
You barely miss the orc. You block the orc's attack.
You slash the orc!
You kill the orc!
a - a gluggy clear potion You feel your willpower return.
You see here a +1 hand axe of draining.
f - a +0 chain mail;
o - 3 boomerangs
Things that are here:
a +0 hand axe; a +0 whip; an orc corpse You now have 193 gold pieces (gained 13).
An ogre comes into view. It is wielding a +0 giant club.
The ogre shouts!
You throw a boomerang. The boomerang barely misses the ogre.
You throw a boomerang. The boomerang barely misses the ogre.
You throw a boomerang. The boomerang hits the ogre.
The ogre is lightly wounded.
You slash the ogre!
The ogre is heavily wounded.
The ogre hits you with a +0 giant club!!
Ouch! That really hurt!
2451 ||| READING scroll of teleportation.
As you read the scroll of teleportation, it crumbles to dust.
You feel strangely unstable. The ogre barely misses you.
You hit the ogre.
The ogre is heavily wounded.
You closely miss the ogre.
The ogre is heavily wounded.
You block the ogre's attack.
You hit the ogre.
The ogre is heavily wounded.
The ogre hits you with a +0 giant club!!
Ouch! That really hurt!
You die...

#.#.. #.#.#### ...
#.#.#.. ... #.#.#.#
... #.#.#.# #.######
#.)...### #......#
#<..#..... #.....
######)>#.######O.#
................@.#
##.######..<......#
#................#.
###########..........
#......#...
#......#.... #......#
... #......# ##.
#........


You could see an ogre.

Vanquished Creatures
  4 adders (D:2)
  3 gnolls (D:3)
  A dart slug (D:1)
  3 orcs (D:4)
  5 endoplasms
  4 giant cockroaches
  3 hobgoblins
  8 jackals
  2 quokkas
  7 ball pythons
  7 bats
  5 frilled lizards
  3 goblins
  A kobold (D:1)
  9 rats
65 creatures vanquished.

Notes
Turn   | Place    | Note
-------+----------+-------------------------------------------
     0 | D:1      | qw the Gargoyle Fighter began the quest for the Orb.
     0 | D:1      | Reached XP level 1. HP: 14/14 MP: 1/1
     0 | D:1      | 0 ||| qw: Version: 0.3-a-40-ge99b1a8
     0 | D:1      | 0 ||| qw: Game counter: 7975
     0 | D:1      | 0 ||| qw: Melee chars always use a shield: true
     0 | D:1      | 0 ||| qw: God list: Okawaru
     0 | D:1      | 0 ||| qw: Allow faded altars: false
     0 | D:1      | 0 ||| qw: Do Orc after clearing Dungeon:15 true
     0 | D:1      | 0 ||| qw: Do second Lair branch before Depths: true
     0 | D:1      | 0 ||| qw: Lair rune preference: random
     0 | D:1      | 0 ||| qw: Goals: Normal, Zot:1-4, Slime:5, God:TSO, Crypt,
                  | Tomb, Abyss, Pan, Hells, Win
     0 | D:1      | 0 ||| PLANNING D:1-11
    48 | D:1      | 48 ||| Stepping ~*~*~tactically~*~*~ (stealth).
    54 | D:1      | Reached skill level 2 in Axes
    81 | D:1      | 81 ||| Stepping ~*~*~tactically~*~*~ (stealth).
    87 | D:1      | Reached XP level 2. HP: 19/19 MP: 2/2
   262 | D:1      | 262 ||| DROPPING +0 club.
   495 | D:1      | Reached skill level 3 in Axes
   615 | D:1      | Reached XP level 3. HP: 10/23 MP: 3/3
   663 | D:1      | 663 ||| Stepping ~*~*~tactically~*~*~ (stealth).
   681 | D:1      | 681 ||| Stepping ~*~*~tactically~*~*~ (stealth).
  1074 | D:1      | 1074 ||| READING scroll labelled RAACED XELAMO.
  1102 | D:2      | Found a bloodstained altar of Trog.
  1451 | D:2      | Reached XP level 4. HP: 28/28 MP: 4/4
  1457 | D:2      | 1457 ||| Stepping ~*~*~tactically~*~*~ (stealth).
  1461 | D:2      | 1461 ||| Stepping ~*~*~tactically~*~*~ (stealth).
  1476 | D:2      | Reached skill level 4 in Axes
  1756 | D:2      | 1756 ||| UPGRADING to amulet of regeneration.
  1761 | D:2      | 1761 ||| READING 2 scrolls labelled WYGECH YMIRAE.
  1762 | D:2      | 1762 ||| READING scroll labelled UFUNOPHIETAT.
  1763 | D:2      | 1763 ||| DROPPING scroll of fear.
  1825 | D:3      | 1825 ||| STAIRDANCE
  1862 | D:3      | 1862 ||| Stepping ~*~*~tactically~*~*~ (hiding).
  1867 | D:3      | Found a shadowy altar of Dithmenos.
  1894 | D:3      | HP: 6/28 [gnoll/+0 club (6)]
  1899 | D:3      | Reached XP level 5. HP: 10/32 MP: 5/5
  1930 | D:3      | 1930 ||| DROPPING +0 mace.
  2372 | D:3      | 2372 ||| UPGRADING to +0 pair of gloves.
  2377 | D:3      | 2377 ||| UPGRADING to amulet of reflection.
  2387 | D:3      | 2387 ||| DROPPING amulet of regeneration.
  2388 | D:3      | 2388 ||| READING scroll labelled XUPSEMN JUINA.
  2389 | D:3      | 2389 ||| READING 2 scrolls of identify.
  2389 | D:3      | 2389 ||| IDENTIFYING silvery potion
  2445 | D:4      | Noticed an ogre
  2450 | D:4      | HP: 8/32 [ogre/+0 giant club (24)]
  2451 | D:4      | 2451 ||| READING scroll of teleportation.
  2454 | D:4      | Mangled by an ogre

Levels and vault maps discovered:
D:1:      shiori_arrival_elements, layout_basic, minmay_heptomino_w4
D:2:      layout_basic, basic_altar
D:3:      layout_rooms, mainiacjoe_overflow_paths, serial_bayou,
          serial_bayou_pond_e, serial_bayou_pond_a, serial_bayou_pond_d,
          serial_bayou_shore_b
D:4:      layout_basic, old_standard_altar, serial_shops, shop, minivault_5,
          nicolae_nh_ransacked_shop, uniq_crazy_yiuf_cottage, uniq_pikel

Skill      XL: |  1  2  3  4 |
---------------+-------------+-----
Axes           | 2 3 4 |  4.7
Fighting       | |  3.2
Armour         | |  3.2
Shields        | |  3.2

Action                     |  1- 3 |  4- 6 || total
---------------------------+-------+-------++-------
  Melee: War axe           |   128 |   104 ||   232
  Throw: Boomerang         |       |     3 ||     3
    Use: Scroll            |     1 |     5 ||     6
   Stab: Distracted        |     1 |       ||     1
 Armour: Scale mail        |    68 |    62 ||   130
  Dodge: Dodged            |    64 |    47 ||   111
  Block: Buckler           |    23 |    20 ||    43

Table legend:
 A = Non-vault XP
 B = Vault XP
 C = Vault XP percentage of total XP
 D = Non-vault monster count
 E = Vault monster count
 F = Vault count percentage of total count
                 A         B        C        D         E       F
            +---------+---------+-------+---------+---------+-------
      Total |     181 |       5 |   2.7 |      60 |       5 |   7.7
            +---------+---------+-------+---------+---------+-------
        D:1 |      43 |       5 |  10.4 |      26 |       5 |  16.1
        D:2 |      72 |       0 |   0.0 |      16 |       0 |   0.0
        D:3 |      57 |       0 |   0.0 |      15 |       0 |   0.0
        D:4 |       9 |       0 |   0.0 |       3 |       0 |   0.0
            +---------+---------+-------+---------+---------+-------
